 Dungeon Crawl Stone Soup version 0.31-a0-233-g139696dc86 (webtiles) character file.

Game seed: 4415699199392254858

503 horus123 the Conjurer (level 6, -4/41 HPs)
             Began as a Demonspawn Conjurer on July 8, 2023.
             Slain by an ogre
             ... wielding a +0 giant club
              (31 damage)
             ... on level 5 of the Dungeon.
             The game lasted 00:08:17 (5358 turns).

horus123 the Conjurer (Demonspawn Conjurer)         Turns: 5358, Time: 00:08:18

Health: -4/41      AC:  4    Str:  8    XL:     6   Next: 96%
Magic:  19/19      EV: 12    Int: 21    God:
Gold:   233        SH:  0    Dex: 17    Spells: 1/11 levels left

rFire   . . .        s - +0 war axe
rCold   . . .        (no shield)
rNeg    + . .        a - +0 robe
rPois   .            n - +0 helmet
rElec   .            (no cloak)
rCorr   .            D - +0 pair of gloves
SInv    .            (no boots)
Will    .....        (no amulet)
Stlth   +++          x - +6 ring of dexterity
HPRegen 0.26/turn    y - ring "Jolidu" {rN+ MP+9 Stlth+}
MPRegen 0.16/turn

%: no passive effects
@: no status effects
A: foul stench 2, spiny 1, weakness stinger 1, demonic touch 1
a: no special abilities


You were on level 5 of the Dungeon.
You visited 1 branch of the dungeon, and saw 5 of its levels.

You collected 233 gold pieces.

Inventory:

Hand Weapons
 s - a +0 war axe (weapon)
Missiles
 w - 2 javelins
 C - 11 stones
Armour
 a - a +0 robe (worn)
 n - a +0 helmet (worn)
 v - an orb of mayhem
 A - the +4 ring mail of Zadissei {rC+ rN+ rCorr}
   (You found it on level 4 of the Dungeon)

   rC:        It protects you from cold.
   rN:        It protects you from negative energy.
   rCorr:     It protects you from acid and corrosion.
 D - a +0 pair of gloves (worn)
Jewellery
 x - a +6 ring of dexterity (left hand)
 y - the ring "Jolidu" (right hand) {rN+ MP+9 Stlth+}
   (You found it on level 3 of the Dungeon)

   [ring of magical power]

   rN:        It protects you from negative energy.
   MP:        It affects your magic capacity (+9).
   Stlth:     It makes you more stealthy.
 z - an amulet of guardian spirit
 B - a ring of fire
 E - an amulet of reflection
Scrolls
 c - a scroll of identify
 d - 3 scrolls of teleportation
 f - 2 scrolls of immolation
 h - 2 scrolls of fear {unknown}
 k - a scroll of torment {unknown}
 l - 3 scrolls of noise
 o - a scroll of poison {unknown}
 p - a scroll of vulnerability {unknown}
 r - a scroll of silence {unknown}
 t - a scroll of summoning {unknown}
Potions
 e - a potion of enlightenment {unknown}
 g - 3 potions of heal wounds {unknown}
 i - 2 potions of haste {unknown}
 j - 2 potions of curing {unknown}
 m - 2 potions of lignification {unknown}
 q - a potion of cancellation {unknown}
 u - a potion of mutation {unknown}


   Skills:
 - Level 1.7 Dodging
 - Level 1.7 Stealth
 - Level 3.1 Spellcasting
 - Level 5.3 Conjurations
 + Level 5.0 Translocations


You had one spell level left.
You knew the following spells:

 Your Spells              Type           Power      Damage    Failure   Level
a - Magic Dart            Conj           100%       1d8       1%          1
b - Searing Ray           Conj           50%        2d6       2%          2
c - Gell's Gravitas       Tloc           24%        N/A       4%          3
d - Iskenderun's Mystic   Conj/Tloc      25%        2d7       16%         4

Your spell library contained the following spells:

 Spells                   Type           Power      Damage    Failure   Level
 Beastly Appendage        Tmut           6%         N/A       13%         1
 Teleport Other           Tloc           24%        N/A       4%          3
 Dazzling Flash           Conj/Hex       28%        N/A       13%         3
 Wereblood                Tmut           3%         N/A       21%         2
 Spider Form              Tmut/Pois      3%         N/A       36%         3
 Fulminant Prism          Conj/Hex       7%         3d7       41%         4
 Dispersal                Tloc           12%        N/A       94%         6


Dungeon Overview and Level Annotations

Branches:
Dungeon (5/15)
 Temple: D:4-7

Altars:

Shops:
D:4 (


Innate Abilities, Weirdness & Mutations

You sometimes emit foul miasma when damaged in melee.
You are partially covered in sharp spines.
You have a small tail.
Your touch may inflict minor irresistible damage on your foes.


Message History

You emit a cloud of foul miasma!
An iguana comes into view.
The hound is engulfed in dark miasma.
The hound is poisoned.
The hound bites you.
You see here an amulet of reflection.
You closely miss the hound.
The hound is severely wounded.
The hound closely misses you. The hound is struck by your spines.
You kill the hound!
E - an amulet of reflection The magic dart hits the iguana.
The iguana is moderately wounded.
The iguana hisses angrily.
The magic dart hits the iguana.
The iguana is severely wounded.
The magic dart hits the iguana but does no damage.
The iguana is severely wounded.
The magic dart hits the iguana.
The iguana is severely wounded.
The iguana bites you!
You emit a cloud of foul miasma!
The iguana is engulfed in dark miasma.
The iguana is poisoned.
You kill the iguana!
Your Translocations skill increases to level 5!
You start resting.
An ogre comes into view. It is wielding a +0 giant club.
Casting: Magic Dart (safe; 1% risk of failure)
Confirm with . or Enter, or press ? or * to list all spells.
Aiming: Searing Ray (safe; 2% risk of failure)
Press: ? - help, Shift-Dir - straight line, f - ogre
Aim: an ogre, wielding a +0 giant club (wandering, hasn't noticed you, 90% to hit)
The searing ray hits the ogre.
The ogre is lightly wounded.
The ogre shouts! (Press . to maintain the ray.)
The searing ray hits the ogre.
The ogre is moderately wounded.
Magic courses through your body.
The ogre hits you with a +0 giant club!!
Ouch! That really hurt!
You die...

...# ..####
h....# .....#
#....# ######
#....# #..@.#
#....#
#.##O#+#)...#
#. #....#####
#. #....# #.
#....# #.
#....# #.
#.#.##
#.##.#.#
#..#.#.#


You could see an ogre.

Vanquished Creatures
  Menkaure (D:5)
  2 orc priests
  2 hounds
  3 iguanas
  An orc wizard (D:5)
  A sleepcap (D:5)
  6 adders
  A worm (D:2)
  2 dart slugs
  10 orcs
  6 endoplasms
  3 giant cockroaches
  5 goblins
  6 hobgoblins
  3 quokkas
  5 ball pythons
  5 bats
  3 frilled lizards
  8 kobolds
  9 rats
82 creatures vanquished.

Notes
Turn   | Place    | Note
-------+----------+-------------------------------------------
     0 | D:1      | horus123 the Demonspawn Conjurer began the quest for the
                  | Orb.
     0 | D:1      | Reached XP level 1. HP: 13/13 MP: 3/3
   451 | D:1      | Gained mutation: You may rarely emit foul miasma when
                  | damaged in melee. [demonic ancestry]
   451 | D:1      | Reached XP level 2. HP: 19/19 MP: 1/5
  1030 | D:1      | Learned a level 2 spell: Searing Ray
  1299 | D:2      | Discovered your monstrous ancestry.
  1299 | D:2      | Gained mutation: Your touch may inflict minor irresistible
                  | damage on your foes. [demonic ancestry]
  1299 | D:2      | Reached XP level 3. HP: 24/24 MP: 5/7
  2328 | D:3      | Found a faded altar of an unknown god.
  2578 | D:3      | Gained mutation: You are partially covered in sharp spines.
                  | [demonic ancestry]
  2578 | D:3      | Reached XP level 4. HP: 30/30 MP: 4/8
  2635 | D:3      | Reached skill level 5 in Conjurations
  2801 | D:3      | Learned a level 3 spell: Gell's Gravitas
  2934 | D:3      | Identified the ring "Jolidu" {rN+ MP+9 Stlth+}
  3528 | D:4      | Identified the +4 ring mail of Zadissei {rC+ rN+ rCorr}
  3612 | D:4      | Found Uklacy's Antique Weapon Boutique.
  3739 | D:4      | Reached skill level 1 in Translocations
  3933 | D:4      | Gained mutation: You have a small tail. [demonic ancestry]
  3933 | D:4      | Reached XP level 5. HP: 35/35 MP: 9/9
  5041 | D:5      | Entered Level 5 of the Dungeon
  5077 | D:5      | Noticed Menkaure
  5088 | D:5      | Killed Menkaure
  5089 | D:5      | Gained mutation: You sometimes emit foul miasma when
                  | damaged in melee. [demonic ancestry]
  5089 | D:5      | Reached XP level 6. HP: 27/41 MP: 10/10
  5207 | D:5      | Learned a level 4 spell: Iskenderun's Mystic Blast
  5338 | D:5      | Reached skill level 5 in Translocations
  5358 | D:5      | Slain by an ogre

Illustrated notes

Levels and vault maps discovered:
D:1:      amcnicky_arrival_single_pillar, layout_loops_ring,
          hangedman_abyss_or_decor_stabs
D:2:      layout_loops_corners, nrook_uturn, nicolae_the_louvre
D:3:      layout_basic, basic_ecumenical_altar, chequers_serial_rivers_large_b,
          minmay_liquid_box
D:4:      layout_layer_cave, serial_shops, shop
D:5:      layout_basic, serial_curves, eino_curves_03, eino_curves_04,
          uniq_menkaure, uniq_grinder

Skill      XL: |  1  2  3  4  5  6 |
---------------+-------------------+-----
Spellcasting   | 3 |  3.1
Conjurations   | 5 |  5.3
Translocations | 1 3 5 |  5.0
Dodging        | |  1.7
Stealth        | |  1.7

Action                     |  1- 3 |  4- 6 || total
---------------------------+-------+-------++-------
  Melee: Dagger            |     1 |       ||     1
         Short sword       |     5 |       ||     5
         Touch             |     2 |     1 ||     3
         War axe           |       |     9 ||     9
   Cast: Magic Dart        |    85 |    81 ||   166
         Searing Ray       |       |     9 ||     9
    Use: Scroll            |       |     3 ||     3
         Potion            |       |     1 ||     1
   Stab: Sleeping          |       |     1 ||     1
 Armour: Robe              |     3 |     3 ||     6
  Dodge: Dodged            |    11 |    14 ||    25

Table legend: (Time is in decaauts)
 A = Elapsed time spent in this place.
 B = Non-inter-level travel time spent in this place.
 C = Inter-level travel time spent in this place.
 D = Time resting spent in this place.
 E = Time spent auto-exploring this place.
 F = Levels seen in this place.
 G = Mean time per level.
                   A        B        C        D        E       F      G
               +--------+--------+--------+--------+--------+-----+--------+
         Total |   5385 |   5270 |    115 |    280 |   4266 |   5 | 1077.0 |
       Dungeon |   5385 |   5270 |    115 |    280 |   4266 |   5 | 1077.0 |
               +--------+--------+--------+--------+--------+-----+--------+

Top non-repeatable levels by time:
     D:4: 1517 daAuts
     D:2: 1245 daAuts
     D:3: 1222 daAuts
     D:1: 1081 daAuts
     D:5: 318 daAuts
